 Dungeon Crawl Stone Soup version 0.17-a0-473-gfd9ac06 (webtiles) character file.

2867 Kisielow the Martial Artist (level 9, -1/65 HPs)
             Began as a Merfolk Transmuter on Apr 7, 2015.
             Was an Initiate of Okawaru.
             Killed from afar by an electric eel (14 damage)
             ... with a bolt of electricity
             ... on level 7 of the Dungeon.
             The game lasted 00:29:16 (8661 turns).

Kisielow the Martial Artist (Merfolk Transmuter)    Turns: 8661, Time: 00:29:17

Health: -1/65      AC:  3    Str: 10    XL:     9   Next: 75%
Magic:  11/12      EV: 14    Int: 15    God:    Okawaru [......]
Gold:   295        SH:  0    Dex: 18    Spells: 3 memorised, 0 levels left

rFire  . . .     SeeInvis .       - Unarmed
rCold  . . .     Clarity  .     c - +0 robe
rNeg   . . .     SustAb   .     (no shield)
rPois  .         Gourm    .     (no helmet)
rElec  .         Spirit   .     (no cloak)
rCorr  .         Warding  .     o - +0 pair of gloves
rMut   .         Stasis   +     (no boots)
MR     .....                    x - amulet of stasis (curse)
Stlth  ++........               (no ring)
                                t - +3 ring of dexterity

@: not resistant to hostile enchantments, unstealthy
A: change form in water, swift swim
a: Renounce Religion


You were on level 7 of the Dungeon.
You worshipped Okawaru.
Okawaru was noncommittal.
You were not hungry.

You visited 2 branches of the dungeon, and saw 8 of its levels.
You also visited: Ossuary.

You collected 295 gold pieces.

Inventory:

Missiles
 b - 155 arrows
 g - 12 poisoned arrows
Armour
 c - a +0 robe (worn)
 o - a +0 pair of gloves (worn)
Jewellery
 t - a +3 ring of dexterity (left hand)
 x - a cursed amulet of stasis (around neck)
Scrolls
 h - a scroll of recharging
 j - 3 scrolls of teleportation
 k - 3 scrolls of blinking
 w - a scroll of fog
 y - a scroll of enchant weapon {unknown}
Potions
 e - 2 potions of curing
 i - a potion of beneficial mutation {unknown}
 l - 4 potions of cancellation
 m - 2 potions of magic
 n - a potion of might {unknown}
 p - a potion of brilliance {unknown}
 q - 2 potions of poison {unknown}
 r - a potion of lignification {unknown}
 s - a potion of haste
 v - 2 potions of heal wounds
 z - a potion of restore abilities {unknown}
Books
 d - a book of Changes

   Spells                             Type                      Level
   a - Beastly Appendage              Transmutation                1
   b - Sticks to Snakes               Transmutation                2
   c - Spider Form                    Transmutation/Poison         3
   d - Ice Form                       Ice/Transmutation            4
   e - Blade Hands                    Transmutation                5
Comestibles
 a - 2 bread rations
 f - 3 meat rations


   Skills:
 - Level 4.0 Fighting
 * Level 3.8 Dodging
 - Level 10.8 Unarmed Combat
 - Level 2.0 Spellcasting
 - Level 10.3 Transmutations
 - Level 2.1 Poison Magic


You couldn't memorise any spells.
You knew the following spells:

 Your Spells              Type           Power        Failure   Level  Hunger
b - Blade Hands           Trmt           ####......   12%         5    ######.
i - Ice Form              Ice/Trmt       ###.....     28%         4    #####..
s - Spider Form           Trmt/Pois      ###.......   6%          3    ###....


Dungeon Overview and Level Annotations

Branches:
Dungeon (7/15)             Temple (1/1) D:6

Altars:
Dithmenos
Fedhas
Gozag
Kikubaaqudgha
Makhleb
Nemelex Xobeh
Okawaru
Ru
Trog
Yredelemnul
Zin
The Shining One

Shops:
D:4 *


Message History

You see here a goliath beetle corpse.
You butcher the goliath beetle corpse.
The electric eel shoots out a bolt of lightning at you!
The bolt of electricity hits you!
The electric eel shoots out a bolt of lightning at you!
The bolt of electricity misses you. x2
The electric eel shoots out a bolt of lightning at you!
The bolt of electricity hits you!
You see here 2 poisonous chunks of flesh.
The electric eel shoots out a bolt of lightning at you!
The bolt of electricity hits you!
Your transformation has ended.
Your +0 pair of gloves unmelds from your body.
Your +0 robe unmelds from your body.
The electric eel shoots out a bolt of lightning at you!
The bolt of electricity hits you!
* * * LOW HITPOINT WARNING * * *
The electric eel shoots out a bolt of lightning at you!
The bolt of electricity hits you!
You die...

. .. #. #.#
#.#+######
###........#
#..........#
####.##.......#..
#....<.@...?.....
#.######.........
#.......%........
#........../.....
#...............
..................
................P..
............;;.;≈P
.........≈≈≈≈≈≈≈≈


You could see 2 electric eels.

Vanquished Creatures
  Pikel (D:5)
  The ghost of cokecookie the Basher, an average MiBe of Trog (D:4)
  A hungry ghost (D:6)
  Menkaure (D:6)
  2 ice beasts (D:6)
  A phantom (D:6)
  A slave (D:5)
  A centaur (D:5)
  Blork the orc (D:6)
  10 scorpions
  3 goliath beetles
  3 crimson imps (D:5)
  An orc wizard (D:5)
  A giant frog zombie (D:6)
  2 centaur zombies
  2 iguanas
  2 human zombies
  A gnoll shaman (D:6)
  3 worker ants
  A big kobold zombie (Ossuary)
  3 mummies (Ossuary)
  A hound skeleton (D:6)
  A worker ant zombie (D:5)
  11 gnolls
  4 scorpion zombies (Ossuary)
  8 adders
  A worm zombie (D:6)
  3 shadow imps (D:6)
  3 worms
  4 giant geckos
  23 orcs
  4 ball pythons
  19 bats
  6 giant cockroaches
  7 hobgoblins
  3 jackals (D:1)
  A quokka (D:5)
  5 giant newts
  5 gnoll zombies
  13 goblins
  4 goblin zombies (Ossuary)
  2 hobgoblin zombies (Ossuary)
  14 kobolds
  4 kobold zombies
  5 orc zombies
  12 rats
  A ballistomycete (D:6)
206 creatures vanquished.

Vanquished Creatures (others)
  A shadow imp (D:5)
  A giant spore (D:6)
  A rat (D:5)
3 creatures vanquished.

Grand Total: 209 creatures vanquished

Notes
Turn   | Place    | Note
--------------------------------------------------------------
     0 | D:1      | Kisielow, the Merfolk Transmuter, began the quest for the Orb.
     0 | D:1      | Reached XP level 1. HP: 15/15 MP: 3/3
    55 | D:1      | Reached XP level 2. HP: 14/21 MP: 5/5
   274 | D:1      | Reached skill level 4 in Unarmed Combat
   983 | D:1      | Reached XP level 3. HP: 22/26 MP: 3/6
   992 | D:1      | Learned a level 3 spell: Spider Form
  1307 | D:2      | Found a burning altar of Makhleb.
  1327 | D:2      | Found a shadowy altar of Dithmenos.
  1601 | D:2      | Reached skill level 1 in Poison Magic
  1604 | D:2      | Reached XP level 4. HP: 20/32 MP: 1/7
  2146 | D:3      | Reached skill level 5 in Transmutations
  2146 | D:3      | Reached XP level 5. HP: 37/37 MP: 4/8
  2816 | D:3      | Found a glowing golden altar of the Shining One.
  3495 | D:4      | Reached XP level 6. HP: 44/44 MP: 5/9
  3530 | D:4      | Reached skill level 5 in Unarmed Combat
  3685 | D:4      | Learned a level 5 spell: Blade Hands
  3724 | D:4      | Found Zin's Purification Station.
  3731 | D:4      | Found a glowing silver altar of Zin.
  3874 | D:4      | Noticed cokecookie's ghost (average MiBe)
  3897 | D:5      | Entered Level 5 of the Dungeon
  3966 | D:5      | Found a burning altar of Makhleb.
  4217 | D:5      | Reached XP level 7. HP: 37/54 MP: 7/10
  4465 | D:5      | Found a sparkling altar of Nemelex Xobeh.
  4506 | D:5      | Reached skill level 6 in Unarmed Combat
  4682 | D:5      | Noticed Pikel
  4739 | D:5      | Killed Pikel
  4739 | D:5      | Reached skill level 8 in Unarmed Combat
  4739 | D:5      | Reached XP level 8. HP: 21/60 MP: 8/11
  5123 | D:5      | Reached skill level 9 in Unarmed Combat
  5339 | D:6      | Found a sand-covered staircase.
  5365 | Ossuary  | Entered an ossuary
  5464 | Ossuary  | Reached skill level 10 in Unarmed Combat
  5918 | Ossuary  | Reached XP level 9. HP: 34/65 MP: 8/12
  6405 | D:6      | Found a bloodstained altar of Trog.
  6449 | D:6      | Noticed Menkaure
  6520 | D:6      | Noticed Blork the orc
  6526 | D:6      | Killed Menkaure
  6528 | D:6      | Found a staircase to the Ecumenical Temple.
  6539 | D:6      | Killed Blork the orc
  6730 | Temple   | Entered the Ecumenical Temple
  6747 | Temple   | Became a worshipper of Warmaster Okawaru
  6891 | Temple   | Learned a level 4 spell: Ice Form
  6964 | D:6      | HP: 3/65 [ice beast (14)]
  7612 | D:6      | Found a basalt altar of Yredelemnul.
  8123 | D:4      | Killed cokecookie's ghost
  8123 | D:4      | Reached skill level 10 in Transmutations
  8661 | D:7      | Killed from afar by an electric eel

Action                   |  1- 3 |  4- 6 |  7- 9 || total
-------------------------+-------+-------+-------++-------
Melee: Unarmed           |    90 |   184 |   409 ||   683
 Cast: Beastly Appendage |    21 |    22 |     8 ||    51
       Spider Form       |     4 |    20 |    41 ||    65
 Abil: End Transformatio |       |     1 |     1 ||     2
  Use: Scroll            |       |    10 |     6 ||    16
       Potion            |       |       |     3 ||     3
 Stab: Sleeping          |       |     2 |     2 ||     4
       Distracted        |       |     1 |       ||     1
  Eat: Chunk             |     3 |    11 |    15 ||    29
       Bread ration      |       |       |     1 ||     1
       Meat ration       |       |       |     1 ||     1
